 Dungeon Sprint DCSS version 0.28-a0-1412-gf95308ed99 (webtiles) character file.

Game seed: 8523759701436555102

1490 jt the Cleaver (level 8, -8/56 HPs)
             Began as a Gargoyle Fighter on Jan 6, 2022.
             Was a Priest of Uskayaw.
             Shot with an arrow by a centaur warrior (16 damage)
             ... in the Dungeon (Sprint I: "Red Sonja").
             The game lasted 00:03:01 (835 turns).

jt the Cleaver (Gargoyle Fighter)                    Turns: 835, Time: 00:03:04

Health: -8/56      AC: 13    Str: 23    XL:     8   Next: 80%
Magic:  12/12      EV:  8    Int:  8    God:    Uskayaw [***...]
Gold:   327        SH: 10    Dex:  9    Spells: 7/7 levels left

rFire   . . .      SeeInvis +   a - +0 war axe
rCold   . . .      Faith    .   q - +0 kite shield
rNeg    + . .      Spirit   .   b - +0 scale mail
rPois   ∞          Reflect  .   (no helmet)
rElec   +          Harm     .   (no cloak)
rCorr   .          Rampage  .   (no gloves)
Will    .....      NoTele   +   (no boots)
Stlth   ..........              p - amulet of regeneration
HPRegen 0.98/turn               l - ring of see invisible
MPRegen 0.13/turn               (no ring)

@: no status effects
A: sickness immunity, AC +5, negative energy resistance 1, electricity
resistance, torment resistance 1, petrification resistance
a: Renounce Religion, Stomp, Line Pass


You were in the Dungeon.
You worshipped Uskayaw.
Uskayaw was noncommittal.
You visited 1 branch You collected 711 gold pieces.
You spent 384 gold pieces at shops.

Inventory:

Hand Weapons
 a - a +0 war axe (weapon)
 k - a +2 scythe of protection
 n - a +0 short sword of venom
 t - a +0 falchion
Missiles
 o - 4 curare-tipped darts (quivered)
Armour
 b - a +0 scale mail (worn)
 c - a +0 buckler
 q - a +0 kite shield (worn)
Jewellery
 l - a ring of see invisible (left hand)
 p - an amulet of regeneration (around neck)
Wands
 i - a wand of iceblast (1)
 r - a wand of acid (10)
Scrolls
 j - a scroll of blinking
 m - 2 scrolls of identify {unknown}
 u - a scroll of torment {unknown}
Potions
 d - a potion of might
 e - 4 potions of curing
 f - 2 potions of heal wounds
 g - a potion of haste
 h - 2 potions of magic
 s - a potion of mutation {unknown}


   Skills:
 + Level 9.3 Fighting
 + Level 9.6 Axes
 - Level 8.3 Armour
 + Level 9.3 Shields
 + Level 6.2 Invocations
 - Level 6.8 Evocations


You had 7 spell levels left.
You didn't know any spells.
Your spell library was empty.

Dungeon Overview and Level Annotations

Branches:
Dungeon (1/1)

Altars:
Cheibriados
Dithmenos
Elyvilon
Fedhas
Gozag
Hepliaklqana
Kikubaaqudgha
Nemelex Xobeh
Okawaru
Qazlal
Ru
Sif Muna
Trog
Uskayaw
Vehumet
Wu Jian
Yredelemnul
Zin
The Shining One

Shops:
D [=[


Innate Abilities, Weirdness & Mutations

You are immune to sickness and miasma.
Your stone body is resilient. (AC +5)
You are immune to poison.
You resist negative energy. (rN+)
You are resistant to electric shocks. (rElec)
You are resistant to unholy torment.
You are immune to petrification.


Message History

The centaur warrior wields a +0 shortbow.
The centaur warrior shoots an arrow.
The arrow hits you.
You can now pass through a line of other dancers.
The centaur warrior wields a +0 shortbow.
The centaur warrior shoots an arrow.
The arrow hits you!
The centaur warrior unwields a +0 shortbow.
The centaur warrior hits you but does no damage.
The centaur warrior kicks you but does no damage.
A hornet comes into view.
There is an open door here.
You closely miss the centaur warrior.
The centaur warrior is heavily wounded.
The centaur warrior shoots an arrow.
The arrow hits you but does no damage. You block the centaur warrior's attack.
The centaur warrior barely misses you.
The centaur warrior shoots an arrow.
The arrow hits you! The centaur warrior hits you.
The centaur warrior kicks you but does no damage.
Aiming: Iceblast
Press: ? - help, Shift-Dir - straight line The mass of ice explodes!
The iceblast engulfs the centaur warrior!
The centaur warrior is almost dead.
The iceblast engulfs the hornet!!
The hornet is heavily wounded.
The iceblast engulfs the centaur warrior!
The centaur warrior is severely wounded.
The centaur warrior shoots an arrow.
The arrow hits you!
* * * LOW HITPOINT WARNING * * *
You block the centaur warrior's attack. The centaur warrior barely misses you.
The centaur warrior shoots an arrow.
The arrow completely misses you.
Uskayaw will force your foes to helplessly watch your dance.
Uskayaw prepares the audience for your solo!
The helpless centaur warrior fails to defend itself.
You hit the centaur warrior but do no damage.
The centaur warrior is severely wounded.
The centaur warrior is no longer paralysed.
The centaur warrior shoots an arrow.
The arrow hits you.
* * * LOW HITPOINT WARNING * * *
The centaur warrior shoots an arrow.
The arrow hits you!
You die...

###############
<.#..'..#..'..#
..').#..'.[#..+
..#####'#####'# ###
..####..#...#.####?§#
..#__####..##.#≈§§§§#
..#_____##'#_.+§§c§§§
⌠⌠#_.∩...'÷.._#§§cy§#
###_..__##_.#'##@###
#_____###'#.#....###
###########.####'###[##
∩........'...'.....'.∩#
##++++####...##########
###.### #.#'#.# #.....#
#.[...#


You could see 2 centaur warriors and a hornet (paralysed).

Vanquished Creatures
  Sonja (D)
  A deep troll (D)
  Sigmund (D)
  A yak (D)
  An ogre (D)
  A jelly (D)
  Ijyb (D)
7 creatures vanquished.

Vanquished Creatures (others)
  2 ballistomycete spores (D)
2 creatures vanquished.

Grand Total: 9 creatures vanquished

Notes
Turn   | Place    | Note
-------+----------+-------------------------------------------
     0 | D        | jt the Gargoyle Fighter began the quest for the Orb.
     0 | D        | Reached XP level 1. HP: 14/14 MP: 1/1
     2 | D        | Noticed Ijyb
    22 | D        | Killed Ijyb
    23 | D        | Reached XP level 2. HP: 14/19 MP: 2/2
    23 | D        | Reached XP level 3. HP: 17/23 MP: 3/3
    98 | D        | Noticed an ogre
   101 | D        | Killed an ogre
   102 | D        | Reached skill level 5 in Evocations
   102 | D        | Reached XP level 4. HP: 28/28 MP: 4/4
   117 | D        | Noticed Sigmund
   133 | D        | Killed Sigmund
   134 | D        | Reached skill level 5 in Fighting
   134 | D        | Reached skill level 5 in Armour
   134 | D        | Reached skill level 5 in Shields
   134 | D        | Reached XP level 5. HP: 8/35 MP: 5/5
   134 | D        | Reached XP level 6. HP: 9/40 MP: 6/6
   379 | D        | Found a shimmering blue altar of Sif Muna.
   380 | D        | Found an ornate altar of the Wu Jian Council.
   381 | D        | Found a radiant altar of Vehumet.
   462 | D        | Found Mije's Jewellery Emporium.
   462 | D        | Found an ancient bone altar of Kikubaaqudgha.
   462 | D        | Found a hazy altar of Hepliaklqana.
   462 | D        | Found a hide-covered altar of Uskayaw.
   462 | D        | Found a basalt altar of Yredelemnul.
   462 | D        | Found an opulent altar of Gozag.
   462 | D        | Found a snail-covered altar of Cheibriados.
   462 | D        | Found a sacrificial altar of Ru.
   462 | D        | Found a shadowy altar of Dithmenos.
   462 | D        | Noticed a yak
   473 | D        | Found a stormy altar of Qazlal.
   473 | D        | Found a blossoming altar of Fedhas.
   473 | D        | Found a bloodstained altar of Trog.
   473 | D        | Found an iron altar of Okawaru.
   473 | D        | Found a glowing silver altar of Zin.
   475 | D        | Killed a yak
   476 | D        | Reached XP level 7. HP: 20/47 MP: 7/7
   476 | D        | Found a glowing golden altar of the Shining One.
   476 | D        | Found a white marble altar of Elyvilon.
   478 | D        | Found a sparkling altar of Nemelex Xobeh.
   660 | D        | Became a worshipper of Uskayaw the Reveller
   665 | D        | Noticed Sonja
   666 | D        | Reached * piety under Uskayaw
   667 | D        | Killed Sonja
   667 | D        | Reached ** piety under Uskayaw
   668 | D        | Reached XP level 8. HP: 54/54 MP: 7/11
   683 | D        | Found Nuliurphih's Armour Boutique.
   741 | D        | Bought an amulet of regeneration for 330 gold pieces
   764 | D        | Bought a +0 kite shield for 54 gold pieces
   786 | D        | Noticed a deep troll
   793 | D        | Killed a deep troll
   804 | D        | Found Biemouno's Armour Emporium.
   826 | D        | Noticed a centaur warrior
   830 | D        | Noticed a centaur warrior
   833 | D        | Noticed a hornet
   834 | D        | Reached *** piety under Uskayaw
   835 | D        | Shot with an arrow by a centaur warrior

Illustrated notes

Levels and vault maps discovered:
D:        dungeon_sprint_1 [red_sonja_temple_1, red_sonja_temple_small_1]

Skill      XL: |  1  2  3  4  5  6  7  8 |
---------------+-------------------------+-----
Axes           | 4 6 7 8 9 |  9.6
Evocations     | 3 5 6 |  6.8
Fighting       | 5 6 8 9 |  9.3
Armour         | 5 6 8 |  8.3
Shields        | 5 6 8 9 |  9.3
Invocations    | 4 6 |  6.2

Action                   |  1- 3 |  4- 6 |  7- 9 || total
-------------------------+-------+-------+-------++-------
Melee: War axe           |    19 |    28 |     7 ||    54
Throw: Dart              |       |       |     1 ||     1
Evoke: Wand              |     2 |     2 |     6 ||    10
  Use: Potion            |     1 |       |       ||     1
 Stab: Paralysed         |       |       |     1 ||     1
Armor: Scale mail        |    10 |     8 |     8 ||    26
Dodge: Dodged            |    10 |     7 |     5 ||    22
Block: Buckler           |       |     6 |       ||     6
       Kite shield       |       |       |     6 ||     6

Table legend: (Time is in decaauts)
 A = Elapsed time spent in this place.
 B = Non-inter-level travel time spent in this place.
 C = Inter-level travel time spent in this place.
 D = Time resting spent in this place.
 E = Time spent auto-exploring this place.
 F = Levels seen in this place.
 G = Mean time per level.
                   A        B        C        D        E       F      G
               +--------+--------+--------+--------+--------+-----+--------+
         Total |    854 |    836 |     18 |    528 |      0 |   1 |  854.0 |
       Dungeon |    854 |    836 |     18 |    528 |      0 |   1 |  854.0 |
               +--------+--------+--------+--------+--------+-----+--------+

Top non-repeatable levels by time:
       D: 854 daAuts
